 Dungeon Crawl Stone Soup version 0.30.0-15-g856e2d3f33 (webtiles) character file.

Game seed: 323867595385981415

445 nomadicburrito the Shield-Bearer (level 6, -10/58 HPs)
             Began as an Armataur Fighter on May 19, 2023.
             Killed by nerve-wracking pain
             ... invoked by an orc priest
              (14 damage)
             ... on level 5 of the Dungeon.
             The game lasted 00:10:09 (3151 turns).

nomadicburrito the Shield-Bearer (Armataur Fighter) Turns: 3151, Time: 00:10:10

Health: -10/58     AC:  8    Str: 22    XL:     6   Next: 72%
Magic:  6/6        EV:  7    Int: 10    God:
Gold:   163        SH:  5    Dex:  9    Spells: 5/5 levels left

rFire   . . .        g - +2 mace (holy)
rCold   . . .        c - +0 buckler
rNeg    . . .        b - +0 scale mail
rPois   .            (no helmet)
rElec   .            (no cloak)
rCorr   .            l - +0 pair of gloves
SInv    .            (no barding)
Will    .....        m - amulet of regeneration Stlth
                     (no ring)
HPRegen 1.09/turn    (no ring)
MPRegen 0.10/turn

%: roll
@: no status effects
A: large, rugged brown scales 3, deformed body, armoured tail, roll, long
tongue, awkward tongue
a: no special abilities


You were on level 5 of the Dungeon.
You visited 1 branch of the dungeon, and saw 5 of its levels.

You collected 163 gold pieces.

Inventory:

Hand Weapons
 g - a +2 mace of holy wrath (weapon)
 r - a +2 dagger of venom
Armour
 b - a +0 scale mail (worn)
 c - a +0 buckler (worn)
 l - a +0 pair of gloves (worn)
 v - a +1 leather armour of fire resistance
Jewellery
 i - a ring of ice
 m - an amulet of regeneration (around neck)
 u - an amulet of magic regeneration
 y - a ring of magical power
Scrolls
 e - 4 scrolls of identify {unknown}
 k - a scroll of fog {unknown}
 p - 2 scrolls of noise {unknown}
 s - a scroll of teleportation {unknown}
 t - a scroll of immolation {unknown}
 x - a scroll of enchant armour {unknown}
 z - a scroll of amnesia {unknown}
 A - a scroll of silence {unknown}
Potions
 a - a potion of resistance {unknown}
 d - 2 potions of might
 f - a potion of curing
 h - a potion of ambrosia {unknown}
 j - a potion of heal wounds {unknown}
 n - a potion of magic {unknown}
 o - a potion of berserk rage {unknown}
 q - a potion of mutation {unknown}
 w - a potion of brilliance {unknown}


   Skills:
 * Level 4.8 Fighting
 - Level 1.7 Maces & Flails
 + Level 5.3 Armour
 * Level 5.8 Shields


You had 5 spell levels left.
You didn't know any spells.
Your spell library contained the following spells:

 Spells                   Type           Power      Damage    Failure   Level
 Ensorcelled Hibernation  Hex/Ice        0%         N/A       86%         2
 Passwall                 Tmut/Erth      0%         N/A       86%         2
 Poisonous Vapours        Pois/Air       0%         N/A       86%         2
 Mephitic Cloud           Conj/Pois/Air  0%         N/A       98%         3
 Swiftness                Air            0%         N/A       98%         3
 Freezing Cloud           Conj/Ice/Air   0%         6-21      100%        5


Dungeon Overview and Level Annotations

Branches:
Dungeon (5/15)
 Temple: D:4-7

Altars:

Portals:
Sewer: D:5


Innate Abilities, Weirdness & Mutations

You are completely covered in rugged brown scales. (AC +3, +7% HP)
Armour fits poorly on your strangely shaped body.
You have a long armoured tail.
You roll when moving toward enemies. (Rampage)
Your long tongue fully drains potion bottles. (2x potion effects)
Your tongue gives you trouble enunciating. (1.5x scroll delay)


Message History

You hit the orc priest.
The orc priest is severely wounded.
The orc priest hits you with a +0 hand axe.
The orc priest looks braver for a moment.
The orc priest mumbles some strange prayers to Beogh against you.
Beogh smites you!
* * * LOW HITPOINT WARNING * * *
You barely miss the orc priest.
The orc priest is severely wounded.
The orc priest calls upon Beogh to heal the orc priest.
The orc priest is healed somewhat.
The orc priest hits you but does no damage.
You barely miss the orc priest.
You tail-slap the orc priest, but do no damage.
The orc priest is moderately wounded.
The orc priest hits you but does no damage.
The orc priest completely misses you.
The orc priest hits you with a +0 dagger.
* * * LOW HITPOINT WARNING * * *
The orc priest hits you but does no damage.
You hit the orc priest.
The orc priest is heavily wounded.
The orc priest hits you but does no damage. x2
You closely miss the orc priest.
The orc priest is heavily wounded.
You block the orc priest's attack.
The orc priest casts a cantrip, but nothing happens.
The orc priest hits you but does no damage.
You hit the orc priest.
The orc priest is severely wounded.
The orc priest hits you but does no damage.
The orc priest closely misses you.
The orc priest mumbles some strange prayers to Beogh against you.
Beogh smites you!
* * * LOW HITPOINT WARNING * * *
You hit the orc priest.
The orc priest is almost dead.
The orc priest invokes the aid of Beogh against you.
Pain shoots through your body!
You die...

#.#
####......~~∩~~.
##<###.#.
......<...~~~~~.
..(......>
####..o....~~~..
.#...#.#.#
##..#........
.#...#
#####o........).
.......
#..))o#########.
#.#..### #.#####
#.#..# ##o#####
.....#
#######.o@...#
....##
#.....#..###.#
....#
#.....#).....#
...>#
#.......###..#
....# #..[..#)#
..# ....#
#...<.#.###..#
.####
#######......#
.# ###.)####.#
.# #).)....#


You could see 2 orc priests.

Vanquished Creatures
  A gnoll bouda (D:4)
  An orc priest (D:3)
  Jessica (D:3)
  6 orc wizards
  5 gnolls
  5 adders
  A river rat (D:5)
  2 dart slugs
  14 orcs
  3 bats
  11 endoplasms
  3 giant cockroaches
  A goblin (D:1)
  8 hobgoblins
  7 jackals
  5 quokkas
  11 ball pythons
  2 frilled lizards (D:2)
  8 kobolds
  6 rats
101 creatures vanquished.

Notes
Turn   | Place    | Note
-------+----------+-------------------------------------------
     0 | D:1      | nomadicburrito the Armataur Fighter began the quest for the
                  | Orb.
     0 | D:1      | Reached XP level 1. HP: 19/19 MP: 1/1
   293 | D:1      | Reached XP level 2. HP: 26/26 MP: 2/2
  1004 | D:2      | Reached XP level 3. HP: 28/33 MP: 3/3
  1089 | D:2      | Found a faded altar of an unknown god.
  1496 | D:3      | Noticed Jessica
  1502 | D:3      | Killed Jessica
  1503 | D:3      | Reached XP level 4. HP: 41/41 MP: 4/4
  2010 | D:4      | Reached XP level 5. HP: 42/49 MP: 5/5
  2112 | D:4      | Reached skill level 5 in Shields
  2128 | D:4      | HP: 2/49 [gnoll/+0 halberd[a gnoll bouda] (11)]
  2326 | D:4      | Reached XP level 6. HP: 44/56 MP: 6/6
  2338 | D:4      | Reached skill level 5 in Armour
  2983 | D:5      | Entered Level 5 of the Dungeon
  3112 | D:5      | Found a glowing drain.
  3151 | D:5      | Killed from afar by an orc priest

Illustrated notes

Levels and vault maps discovered:
D:1:      dpeg_arrival_signposts, layout_loops_corners
D:2:      layout_basic, ebering_ecumenical_altar_abandoned,
          minmay_tiny_reverse_x
D:3:      layout_rooms, serial_glass, glass_columns_a, glass_columns_b,
          glass_columns_a, glass_columns_c, glass_columns_c, glass_columns_a,
          glass_columns_a, glass_columns_a, kennysheep_generic_room_7,
          uniq_jessica
D:4:      layout_basic, hangedman_decor_diamond_cutter
D:5:      layout_loops_cross, minmay_temple_entry_junction,
          portal_sewer_entry_a, serial_shops, shop

Skill      XL: |  1  2  3  4  5  6 |
---------------+-------------------+-----
Fighting       | 3 4 |  4.8
Armour         | 4 5 |  5.3
Shields        | 4 5 |  5.8
Maces & Flails | |  1.7

Action                     |  1- 3 |  4- 6 || total
---------------------------+-------+-------++-------
  Melee: Mace              |    95 |   199 ||   294
         Flail             |     4 |       ||     4
         Tailslap          |     6 |    16 ||    22
    Use: Potion            |       |     2 ||     2
 Armour: Scale mail        |    43 |   144 ||   187
  Dodge: Dodged            |    32 |    85 ||   117
  Block: Buckler           |    31 |    45 ||    76
